 Dungeon Crawl Stone Soup version 0.31-a0-188-g5e087ee2ca (webtiles) character file.

Game seed: 10961463816819409299

118 qw the Skirmisher (level 4, -4/25 HPs)
             Began as a Deep Elf Hunter on June 22, 2023.
             Slain by an ice beast (12 damage)
             ... on level 3 of the Dungeon.
             The game lasted 00:00:45 (1644 turns).

qw the Skirmisher (Deep Elf Hunter)                 Turns: 1644, Time: 00:00:46

Health: -4/25      AC:  5    Str: 10    XL:     4   Next: 72%
Magic:  6/6        EV: 11    Int: 14    God:
Gold:   97         SH:  5    Dex: 18    Spells: 3/3 levels left

rFire   . . .        Y - +0 shortbow
rCold   . . .        (shield currently unavailable)
rNeg    . . .        i - +0 ring mail
rPois   .            (no helmet)
rElec   .            (no cloak)
rCorr   .            (no gloves)
SInv    .            (no boots)
Will    .....        f - amulet of reflection
Stlth   +            (no ring)
HPRegen 0.24/turn    (no ring)
MPRegen 0.10/turn

%: reflection
@: no status effects
A: no striking features
a: no special abilities


You were on level 3 of the Dungeon.
You visited 1 branch of the dungeon, and saw 3 of its levels.

You collected 97 gold pieces.


   Skills:
 - Level 1.5 Fighting
 + Level 8.1 Ranged Weapons
 - Level 2.4 Dodging
 - Level 1.2 Stealth


You had 3 spell levels left.
You didn't know any spells.
Your spell library was empty.

Inventory:

Hand Weapons
 Y - a +0 shortbow (weapon)
Armour
 i - a +0 ring mail (worn)
Jewellery
 f - an amulet of reflection (around neck)
 g - a ring of ice
Scrolls
 a - a scroll of teleportation
 b - a scroll of identify
Potions
 e - a potion of curing

Dungeon Overview and Level Annotations

Branches:
Dungeon (3/15)

Altars:
Xom


Message History

You shoot an arrow. The arrow hits the worm.
The worm is severely wounded.
The worm barely misses you.
You shoot an arrow. The arrow hits the worm!
You kill the worm!
There is a shaft here.
An ice beast comes into view.
You shoot an arrow. The arrow closely misses the ice beast.
You shoot an arrow.
The arrow hits the ice beast but does no damage.
You shoot an arrow. The arrow hits the ice beast.
The ice beast is lightly wounded.
You shoot an arrow. The arrow hits the ice beast.
The ice beast is lightly wounded.
You shoot an arrow. The arrow closely misses the ice beast.
You shoot an arrow.
The arrow hits the ice beast but does no damage.
The ice beast is lightly wounded.
The ice beast misses you. You block the ice beast's attack.
You shoot an arrow. The arrow closely misses the ice beast.
You block the ice beast's attack.
You shoot an arrow. The arrow closely misses the ice beast.
The ice beast closely misses you.
You shoot an arrow.
The arrow hits the ice beast but does no damage.
The ice beast is lightly wounded.
The ice beast completely misses you.
You shoot an arrow. The arrow hits the ice beast.
The ice beast is lightly wounded.
The ice beast hits you but does no damage.
You shoot an arrow.
The arrow completely misses the ice beast.
You block the ice beast's attack.
You shoot an arrow. The arrow hits the ice beast.
The ice beast is moderately wounded.
The ice beast hits you. The ice beast freezes you!
Ouch! That really hurt!
You shoot an arrow. The arrow closely misses the ice beast.
The ice beast hits you. The ice beast freezes you!
You die...

#..#
##..####.#
#<[^.....#
#.##.#####
#.#...+
#.#...##
#.##...#
..##...##
#.###.@.#
#.# #.Y.#
##..?#
#...#
##... ...#
#... ....


You could see an ice beast.

Vanquished Creatures
  An orc wizard (D:2)
  An adder (D:2)
  3 worms
  4 dart slugs
  5 orcs
  5 endoplasms
  3 giant cockroaches
  9 goblins
  5 hobgoblins
  4 quokkas
  4 ball pythons
  4 bats
  3 frilled lizards
  4 kobolds
  5 rats
60 creatures vanquished.

Notes
Turn   | Place    | Note
-------+----------+-------------------------------------------
     0 | D:1      | qw the Deep Elf Hunter began the quest for the Orb.
     0 | D:1      | Reached XP level 1. HP: 12/12 MP: 3/3
     0 | D:1      | 0 ||| qw: Version: 0.3-a-9-g12657ce
     0 | D:1      | 0 ||| qw: Game counter: 3004
     0 | D:1      | 0 ||| qw: Always use a shield: true
     0 | D:1      | 0 ||| qw: God list: Okawaru
     0 | D:1      | 0 ||| qw: Allow faded altars: false
     0 | D:1      | 0 ||| qw: Do Orc after D:15 true
     0 | D:1      | 0 ||| qw: Do second Lair branch before Depths: true
     0 | D:1      | 0 ||| qw: Lair rune preference: random
     0 | D:1      | 0 ||| qw: Plans: Normal
     0 | D:1      | 0 ||| PLANNING D:1-11
   102 | D:1      | 102 ||| FLEEEEING.
   130 | D:1      | Reached skill level 6 in Ranged Weapons
   130 | D:1      | Reached XP level 2. HP: 16/16 MP: 4/4
   191 | D:1      | Found a faded altar of an unknown god.
   351 | D:1      | Reached XP level 3. HP: 20/20 MP: 5/5
   744 | D:1      | 744 ||| UPGRADING to amulet of reflection.
   749 | D:1      | 749 ||| READING scroll labelled XANGADO DEREA.
   750 | D:1      | 750 ||| DROPPING scroll of butterflies.
   770 | D:2      | 770 ||| STAIRDANCE
   825 | D:2      | Found a shimmering altar of Xom.
   971 | D:2      | Reached skill level 7 in Ranged Weapons
  1004 | D:2      | 1004 ||| FLEEEEING.
  1249 | D:2      | Reached XP level 4. HP: 25/25 MP: 6/6
  1482 | D:2      | 1482 ||| UPGRADING to +0 ring mail.
  1492 | D:2      | 1492 ||| DROPPING +0 leather armour.
  1493 | D:2      | 1493 ||| READING 2 scrolls labelled HYWUFF GYHY.
  1498 | D:2      | 1498 ||| READING scroll labelled ITWIL MIMEIHUZU.
  1499 | D:2      | 1499 ||| READING scroll labelled DEYVAOR SON.
  1500 | D:2      | 1500 ||| DRINKING 2 fuming pink potions.
  1501 | D:2      | 1501 ||| READING 2 scrolls of identify.
  1501 | D:2      | 1501 ||| IDENTIFYING sedimented brown potion
  1502 | D:2      | 1502 ||| DROPPING potion of brilliance.
  1528 | D:3      | 1528 ||| STAIRDANCE
  1569 | D:3      | 1569 ||| STAIRDANCE
  1578 | D:2      | Reached skill level 8 in Ranged Weapons
  1631 | D:3      | Noticed an ice beast
  1644 | D:3      | Slain by an ice beast

Levels and vault maps discovered:
D:1:      psy_arrival_radial01, layout_loops_ring,
          ebering_ecumenical_altar_sacrificial
D:2:      kennysheep_six_static_rooms, layout_basic, basic_altar,
          grunt_ministairs_1, kennysheep_generic_room_15
D:3:      minmay_razor_zed, layout_basic, serial_shops, nicolae_shop_crystal,
          palyth_stone_intersect

Skill      XL: |  1  2  3  4 |
---------------+-------------+-----
Ranged Weapons | 6 7 8 |  8.1
Fighting       | |  1.5
Dodging        | |  2.4
Stealth        | |  1.2

Action                     |  1- 3 |  4- 6 || total
---------------------------+-------+-------++-------
   Fire: Shortbow          |   137 |    44 ||   181
    Use: Scroll            |     1 |     4 ||     5
         Potion            |       |     1 ||     1
 Armour: Leather armour    |     7 |       ||     7
         Ring mail         |       |     9 ||     9
  Dodge: Dodged            |    16 |    16 ||    32
  Block: Other             |     1 |     6 ||     7

Table legend:
 A = Non-vault XP
 B = Vault XP
 C = Vault XP percentage of total XP
 D = Non-vault monster count
 E = Vault monster count
 F = Vault count percentage of total count
                 A         B        C        D         E       F
            +---------+---------+-------+---------+---------+-------
      Total |     149 |      20 |  11.8 |      51 |       9 |  15.0
            +---------+---------+-------+---------+---------+-------
        D:1 |      49 |       0 |   0.0 |      29 |       0 |   0.0
        D:2 |      92 |      20 |  17.9 |      20 |       9 |  31.0
        D:3 |       8 |       0 |   0.0 |       2 |       0 |   0.0
            +---------+---------+-------+---------+---------+-------
